 Dungeon Crawl Stone Soup version 0.24.0-123-gd5b16e6ec5 (webtiles) character file.

Game seed: 15200671285654591407, levelgen mode: deterministic

101 Enkuryo the Insei (level 4, -4/29 HPs)
             Began as an Octopode Transmuter on Jan 15, 2020.
             Slain by an orc priest
             ... wielding a +0 falchion
              (9 damage)
             ... on level 3 of the Dungeon.
             The game lasted 00:16:31 (2411 turns).

Enkuryo the Insei (Octopode Transmuter)             Turns: 2411, Time: 00:16:31

Health: -4/29      AC:  1    Str:  9    XL:     4   Next: 75%
Magic:  5/7        EV: 14    Int: 16    God:
Gold:   111        SH:  0    Dex: 12    Spells: 2/8 levels left

rFire    . . .     SeeInvis .     - Unarmed
rCold    . . .     Gourm    .   (no shield)
rNeg     . . .     Faith    .   (helmet restricted)
rPois    .         Spirit   .   (no amulet)
rElec    .         Reflect  .   (no ring)
rCorr    .         Harm     .   (no ring)
MR       .....                  (no ring)
Stlth    ++........             (no ring)
HPRegen  0.09/turn              (no ring)
MPRegen  0.10/turn              (no ring)
                                (no ring)
                                (no ring)

@: no status effects
A: almost no armour, stealthy swim, amphibious, 8 rings, constrict 8, tentacle
spike 1, camouflage 1, sense surroundings 1, gelatinous body 1
a: no special abilities


You were on level 3 of the Dungeon.
You were not hungry.

You visited 1 branch of the dungeon, and saw 3 of its levels.

You collected 111 gold pieces.

Inventory:

Missiles
 a - 41 arrows
Scrolls
 e - 3 scrolls of remove curse
 i - 2 scrolls of teleportation
Potions
 b - 2 potions of agility
Comestibles
 c - 4 rations


   Skills:
 + Level 2.0 Fighting
 + Level 2.7 Dodging
 + Level 3.5 Unarmed Combat
 + Level 2.6 Spellcasting
 + Level 2.8 Transmutations


You had 2 spell levels left.
You knew the following spells:

 Your Spells              Type           Power        Failure   Level  Hunger
a - Beastly Appendage     Tmut           ##....       6%          1    #......
b - Sticks to Snakes      Tmut           ##......     10%         2    ##.....
c - Spider Form           Tmut/Pois      #.........   32%         3    ###....

Your spell library contained the following spells:

 Spells                   Type           Power        Failure   Level  Hunger
 Ice Form                 Ice/Tmut       #.......     73%         4    #####..
 Blade Hands              Tmut           ##........   86%         5    ######.


Dungeon Overview and Level Annotations

Branches:
Dungeon (3/15)

Altars:


Innate Abilities, Weirdness & Mutations

You cannot wear most types of armour.
You are very stealthy in the water. (Stealth+)
You are amphibious.
You can wear up to eight rings at the same time.
You can use your tentacles to constrict eight enemies at once.
Your skin changes colour to match your surroundings (Stealth+).
Your rubbery body absorbs attacks. (AC +1, EV +1)
One of your tentacles bears a spike.
You passively map a small area around you.


Message History

An orc priest comes into view. It is wielding a +0 falchion.
The orc priest shouts!
You hear a shout!
An orc comes into view. It is wielding a +0 war axe.
An orc comes into view. It is wielding a +0 hand axe.
Casting: Spider Form (safe; 32% risk of failure)
Confirm with . or Enter, or press ? or * to list all spells.
You create a snake!
You now have 41 arrows.
The orc priest calls down the wrath of Beogh upon you.
Beogh smites you!
You swap places.
The orc priest mumbles some strange prayers to Beogh against you.
Beogh smites you!
* * * LOW HITPOINT WARNING * * *
You swap places.
You closely miss the orc priest. You grab the orc priest.
You pierce the orc priest.
The orc priest is moderately wounded.
You constrict the orc priest.
The orc priest hits you with a +0 falchion!
You die...

, , , * , # , ,
..##+## * * * ,
....... * ,
....... * *
.......* * *
.......###### *
* , ,
.......oo@S.#
** *
.....o..###<#,*
, ........# #.#
, *........#
#.# * ,,,
........# #.# ,
...)....# #.#
........# #.# ,
........# #.#
,, * #.#


You could see an orc priest, 2 orcs and a friendly ball python.

Vanquished Creatures
  Terence (D:2)
  3 adders (D:2)
  2 worms (D:2)
  8 goblins
  10 hobgoblins
  4 jackals (D:2)
  A ball python (D:2)
  3 bats
  A frilled lizard (D:1)
  5 kobolds
  5 rats
  A plant (D:2)
44 creatures vanquished.

Vanquished Creatures (collateral kills)
  A dart slug (D:2)
1 creature vanquished.

Grand Total: 45 creatures vanquished

Notes
Turn   | Place    | Note
-------+----------+-------------------------------------------
     0 | D:1      | Enkuryo the Octopode Transmuter began the quest for the
                  | Orb.
     0 | D:1      | Reached XP level 1. HP: 13/13 MP: 3/3
   228 | D:1      | Reached XP level 2. HP: 18/18 MP: 5/5
   377 | D:1      | Learned a level 2 spell: Sticks to Snakes
   448 | D:1      | You fall into a shaft and drop 1 floor!
   561 | D:2      | Reached XP level 3. HP: 23/23 MP: 6/6
   923 | D:2      | Learned a level 3 spell: Spider Form
  1269 | D:2      | Reached XP level 4. HP: 21/29 MP: 7/7
  1575 | D:2      | Noticed Terence
  1589 | D:2      | Killed Terence
  2363 | D:2      | Gained mutation: You passively map a small area around you.
                  | [potion of mutation]
  2363 | D:2      | Gained mutation: One of your tentacles bears a spike.
                  | [potion of mutation]
  2411 | D:3      | Slain by an orc priest

Levels and vault maps discovered:
D:1:      minmay_arrival_shattered_statue, layout_basic, minmay_crystal_water,
          minmay_indecisive_spiral
D:2:      cheibrodos_old_hovel, layout_loops_corners, uniq_terence
D:3:      layout_basic, gammafunk_ghost_stat_death, kennysheep_orc_chapel

Skill      XL: |  1  2  3  4 |
---------------+-------------+-----
Fighting       | 2 |  2.0
Dodging        | |  2.7
Unarmed Combat | |  3.5
Spellcasting   | |  2.6
Transmutations | |  2.8

Action                   |  1- 3 |  4- 6 || total
-------------------------+-------+-------++-------
Melee: Unarmed           |    75 |    57 ||   132
       Constrict         |    18 |    11 ||    29
       Tentacles         |     7 |    15 ||    22
       Kick              |     2 |     7 ||     9
       Punch             |     1 |     1 ||     2
 Cast: Beastly Appendage |     6 |     1 ||     7
       Sticks to Snakes  |     2 |     3 ||     5
       Spider Form       |     1 |       ||     1
  Use: Scroll            |     4 |     4 ||     8
       Potion            |     1 |     1 ||     2
 Stab: Sleeping          |     2 |       ||     2
  Eat: Ration            |     1 |       ||     1
       Chunk             |       |     2 ||     2
Armor: Skin              |     8 |       ||     8
Dodge: Dodged            |    54 |    16 ||    70
